 Seeded DCSS version 0.31-a0-609-g7bf6ffcfed (webtiles) character file.

Game seed: 3612390645625327883 (custom seed)

386 innerfire43 the Ruffian (level 6, -1/70 HPs)
             Began as a Gnoll Shapeshifter on Aug 21, 2023.
             Slain by a gnoll
             ... wielding a +0 halberd of freezing
              (14 damage)
             ... on level 4 of the Dungeon.
             The game lasted 00:02:45 (2928 turns).

innerfire43 the Ruffian (Gnoll Shapeshifter)        Turns: 2928, Time: 00:02:45

Health: -1/70      AC:  5    Str: 16    XL:     6   Next: 78%
Magic:  9/9        EV: 13    Int:  8    God:
Gold:   110        SH:  0    Dex: 12    Spells: 9/9 levels left

rFire   . .          .
                       - Unarmed
rCold   . . .        (shield currently unavailable)
rNeg    . . .        i - +2 animal skin
rPois   .            j - +0 helmet
rElec   .            (no cloak)
rCorr   .            (no gloves)
SInv    .            (no boots)
Will    +....        (no amulet) Stlth
                     (no ring)
HPRegen 0.31/turn    (no ring)
MPRegen 0.11/turn

%: no passive effects
@: brilliant, berserking, flux-form, enlightened, flying, hasted, glowing, very
quick
A: glow, contaminating, fangs 1, strong nose, distributed training
a: Begin Untransformation


You were on level 4 of the Dungeon.
You were something dangerously unstable.
You visited 1 branch of the dungeon, and saw 4 of its levels.

You collected 110 gold pieces.

Inventory:

Armour
 a - a +0 animal skin
 i - a +2 animal skin (worn)
 j - a +0 helmet (worn)
Talismans
 c - a beast talisman
 d - a flux talisman (active)
Scrolls
 g - 3 scrolls of identify {unknown}
 h - a scroll of vulnerability {unknown}
 k - 3 scrolls of summoning {unknown}
 l - a scroll of fog {unknown}
 m - a scroll of acquirement {unknown}
 o - 2 scrolls of teleportation {unknown}
 r - a scroll of poison {unknown}
Potions
 b - 2 potions of lignification
 f - a potion of enlightenment
 n - a potion of brilliance
 p - a potion of haste
 q - a potion of curing


   Skills:
 + Level 3.3 Fighting
 + Level 2.1 Short Blades
 + Level 2.1 Long Blades
 + Level 2.1 Axes
 + Level 2.1 Maces & Flails
 + Level 2.1 Polearms
 + Level 2.1 Staves
 + Level 2.1 Ranged Weapons
 + Level 2.1 Throwing
 + Level 2.1 Armour
 + Level 5.0 Dodging
 + Level 2.1 Stealth
 + Level 2.1 Shields
 + Level 6.9 Unarmed Combat
 + Level 2.1 Spellcasting
 + Level 1.7 Conjurations
 + Level 1.7 Hexes
 + Level 1.7 Summonings
 + Level 1.7 Necromancy
 + Level 1.7 Translocations
 + Level 1.7 Transmutations
 + Level 1.7 Fire Magic
 + Level 1.7 Ice Magic
 + Level 1.7 Air Magic
 + Level 1.7 Earth Magic
 + Level 1.7 Poison Magic
 + Level 2.3 Invocations
 + Level 2.1 Evocations
 + Level 6.7 Shapeshifting


You had 9 spell levels left.
You didn't know any spells.
Your spell library contained the following spells:

 Spells                   Type           Power      Damage    Failure   Level
 Stone Arrow              Conj/Erth      10%        3d7       45%         3
 Animate Armour           Summ/Erth      10%        N/A       86%         4
 Lehudib's Crystal Spear  Conj/Erth      2%         10d2      100%        8


Dungeon Overview and Level Annotations

Branches:
Dungeon (4/15)
 Temple: D:4-7

Altars:
Gozag
Sif Muna


Innate Abilities, Weirdness & Mutations

You are something dangerously unstable.
You glow with magical radiation, making you easy to see and hit.
Foes you strike become dangerously contaminated with magical radiation.
You are incapable of wielding weapons or throwing items.
You have very sharp teeth.
Your uncanny sense of smell can sniff out nearby items.
Your experience applies equally to all skills.


Message History

Beogh smites you!
* * * LOW HITPOINT WARNING * * *
You see here a +0 dagger.
It was a potion of brilliance.
You feel clever all of a sudden.
The adder hisses angrily.
An orc comes into view. It is wielding a +0 short sword.
A gnoll comes into view.
It is wielding a +0 halberd of freezing.
It was a potion of enlightenment.
You feel very buoyant.
You fly up into the air.
It was a potion of haste.
You feel yourself speed up. The adder bites you but does no damage.
It was a potion of curing.
You feel better.
The orc shouts!
The orc priest misses you.
You hit the orc priest.
The orc priest begins to glow.
The orc priest is lightly wounded.
The adder bites you but does no damage.
The orc priest mumbles some strange prayers to Beogh against you.
You resist with some effort.
You hit the orc priest.
The orc priest glows dangerously bright.
The orc priest is heavily wounded.
The adder barely misses you.
You hit the orc priest but do no damage.
The orc priest shudders as magic cascades through it!!
You kill the orc priest!
The orc closely misses you. The gnoll barely misses you. The adder bites you.
* * * LOW HITPOINT WARNING * * *
Unknown command.
It was a potion of berserk rage.
A red film seems to cover your vision as you go berserk!
You feel yourself moving faster!
You feel mighty!
You punch the orc!
You kill the orc!
The adder misses you.
A gnoll comes into view. It is wielding a +0 halberd.
The gnoll hits you from afar with a +0 halberd of freezing!
You die...

#........... #.# #
#.......... #†# #
#......... #.####
###.#.....# #..<..
.........# #####..###
##.##.)..###.........
#.....)..##........##
#..#S....##..........
#..)B##.#).........##
#..)###.#.###########
#.g. #.#.# # .....
#.#.# ###.#. #.#.#
####### #... #...#
#...... . .. #####
#...... .g .. #.≈≈≈≈≈
#.≈....


You could see 2 gnolls and an adder.

Vanquished Creatures
  An orc warrior (D:4)
  A scorpion (D:3)
  A howler monkey (D:4)
  An orc priest (D:4)
  An orc wizard (D:3)
  Robin (D:2)
  6 adders
  A worm (D:3)
  A dart slug (D:2)
  9 orcs
  3 endoplasms (D:1)
  A giant cockroach (D:2)
  7 goblins
  3 hobgoblins (D:2)
  6 jackals
  6 kobolds
  A quokka (D:2)
  7 ball pythons
  3 bats
  12 frilled lizards
  5 rats
77 creatures vanquished.

Notes
Turn   | Place    | Note
-------+----------+-------------------------------------------
     0 | D:1      | innerfire43 the Gnoll Shapeshifter began the quest for the
                  | Orb.
     0 | D:1      | Reached XP level 1. HP: 17/17 MP: 1/1
   284 | D:1      | Found a faded altar of an unknown god.
   345 | D:1      | Reached XP level 2. HP: 22/23 MP: 2/2
   740 | D:2      | Reached XP level 3. HP: 13/28 MP: 3/3
   851 | D:2      | Reached skill level 1 in Invocations
   938 | D:2      | Reached skill level 1 in Short Blades
   938 | D:2      | Reached skill level 1 in Long Blades
   938 | D:2      | Reached skill level 1 in Axes
   938 | D:2      | Reached skill level 1 in Maces & Flails
   938 | D:2      | Reached skill level 1 in Polearms
   938 | D:2      | Reached skill level 1 in Staves
   938 | D:2      | Reached skill level 1 in Ranged Weapons
   938 | D:2      | Reached skill level 1 in Throwing
   938 | D:2      | Reached skill level 1 in Armour
   938 | D:2      | Reached skill level 1 in Stealth
   938 | D:2      | Reached skill level 1 in Shields
   938 | D:2      | Reached skill level 1 in Spellcasting
   938 | D:2      | Reached skill level 1 in Evocations
  1188 | D:2      | Noticed Robin
  1189 | D:2      | Reached XP level 4. HP: 34/34 MP: 5/5
  1198 | D:2      | Killed Robin
  1272 | D:2      | Reached skill level 1 in Conjurations
  1272 | D:2      | Reached skill level 1 in Hexes
  1272 | D:2      | Reached skill level 1 in Summonings
  1272 | D:2      | Reached skill level 1 in Necromancy
  1272 | D:2      | Reached skill level 1 in Translocations
  1272 | D:2      | Reached skill level 1 in Transmutations
  1272 | D:2      | Reached skill level 1 in Fire Magic
  1272 | D:2      | Reached skill level 1 in Ice Magic
  1272 | D:2      | Reached skill level 1 in Air Magic
  1272 | D:2      | Reached skill level 1 in Earth Magic
  1272 | D:2      | Reached skill level 1 in Poison Magic
  1935 | D:3      | Found an opulent altar of Gozag.
  2117 | D:3      | Reached XP level 5. HP: 35/40 MP: 5/7
  2835 | D:4      | Found a shimmering blue altar of Sif Muna.
  2883 | D:4      | Noticed an orc warrior
  2886 | D:4      | Reached XP level 6. HP: 45/45 MP: 8/8
  2894 | D:4      | Killed an orc warrior
  2895 | D:4      | Reached skill level 5 in Dodging
  2928 | D:4      | Slain by a gnoll

Illustrated notes

Levels and vault maps discovered:
D:1:      dpeg_arrival_water_temple_mockup, layout_loops_ring,
          chequers_ecumenical_altar_simple_redux,
          hangedman_abyss_or_decor_stabs, chequers_serial_rivers_small_a,
          minmay_lizard_pond
D:2:      layout_loops_ring, minmay_3d_cube, uniq_robin
D:3:      layout_loops_corners, grunt_gozag_statues, minmay_liquid_box
D:4:      layout_basic, mainiacjoe_overflow_concentric_impassable,
          grunt_dithmenos_smoke, serial_shops, nicolae_shop_tiny_real_fake_doors

Skill      XL: |  1  2  3  4  5  6 |
---------------+-------------------+-----
Invocations    | 1 2 |  2.3
Short Blades   | 1 2 |  2.1
Long Blades    | 1 2 |  2.1
Axes           | 1 2 |  2.1
Maces & Flails | 1 2 |  2.1
Polearms       | 1 2 |  2.1
Staves         | 1 2 |  2.1
Ranged Weapons | 1 2 |  2.1
Throwing       | 1 2 |  2.1
Armour         | 1 2 |  2.1
Stealth        | 1 2 |  2.1
Shields        | 1 2 |  2.1
Spellcasting   | 1 2 |  2.1
Evocations     | 1 2 |  2.1
Conjurations   | 1 |  1.7
Hexes          | 1 |  1.7
Summonings     | 1 |  1.7
Necromancy     | 1 |  1.7
Translocations | 1 |  1.7
Transmutations | 1 |  1.7
Fire Magic     | 1 |  1.7
Ice Magic      | 1 |  1.7
Air Magic      | 1 |  1.7
Earth Magic    | 1 |  1.7
Poison Magic   | 1 |  1.7
Fighting       | 3 |  3.3
Dodging        | 5 |  5.0
Unarmed Combat | |  6.9
Shapeshifting  | |  6.7

Action                     |  1- 3 |  4- 6 || total
---------------------------+-------+-------++-------
  Melee: Unarmed           |    83 |   145 ||   228
         Bite              |    10 |    11 ||    21
    Use: Potion            |       |     5 ||     5
   Stab: Sleeping          |       |     1 ||     1
 Armour: Animal skin       |    13 |    32 ||    45
  Dodge: Dodged            |    50 |    79 ||   129
   Form: Flux              |     1 |       ||     1

Table legend: (Time is in decaauts)
 A = Elapsed time spent in this place.
 B = Non-inter-level travel time spent in this place.
 C = Inter-level travel time spent in this place.
 D = Time resting spent in this place.
 E = Time spent auto-exploring this place.
 F = Levels seen in this place.
 G = Mean time per level.
                   A        B        C        D        E       F      G
               +--------+--------+--------+--------+--------+-----+--------+
         Total |   2903 |   2709 |    194 |      0 |   2269 |   4 |  725.8 |
       Dungeon |   2903 |   2709 |    194 |      0 |   2269 |   4 |  725.8 |
               +--------+--------+--------+--------+--------+-----+--------+

Top non-repeatable levels by time:
     D:3: 1054 daAuts
     D:2: 1047 daAuts
     D:1: 709 daAuts
     D:4: 91 daAuts
